 Dungeon Crawl Stone Soup version 0.23.2-30-g0e89c35649 (webtiles) character file.

Game seed: 4651876006921066832

264 Electrofox the Bolt Thrower (level 5, 46/46 HPs)
             Began as a Centaur Hunter on June 5, 2019.
             Quit the game on level 2 of the Dungeon on June 6, 2019.
             The game lasted 00:33:35 (3500 turns).

Electrofox the Bolt Thrower (Centaur Hunter)        Turns: 3500, Time: 00:33:35

Health: 46/46      AC:  4    Str: 14    XL:     5   Next: 98%
Magic:  5/5        EV:  9    Int: 10    God:
Gold:   159        SH:  0    Dex: 11    Spells: 4/4 levels left

rFire    . . .     SeeInvis .   b - +0 short sword
rCold    . . .     Gourm    .   (no shield)
rNeg     . . .     Faith    .   c - +0 leather armour
rPois    .         Spirit   .   (no helmet)
rElec    .         Reflect  .   (no cloak)
rCorr    .         Harm     .   (no gloves)
MR       .....                  (no barding)
Stlth    +.........             (no amulet)
HPRegen  0.15/turn              (no ring)
MPRegen  0.09/turn              (no ring)

@: very quick
A: large, hooves 3, deformed body, speed 2, tough skin 3
a: no special abilities


You were on level 2 of the Dungeon.
You were not hungry.

You visited 1 branch of the dungeon, and saw 5 of its levels.

You collected 159 gold pieces.

Inventory:

Hand Weapons
 a - a +1 hand crossbow
 b - a +0 short sword (weapon)
 o - a +0 hunting sling
Missiles
 d - 10 bolts
 l - 98 stones (quivered)
Armour
 c - a +0 leather armour (worn)
Jewellery
 h - a cursed amulet of inaccuracy {unknown}
 n - a +3 ring of dexterity {unknown}
 u - an uncursed ring of protection from magic {unknown}
Scrolls
 e - a scroll of magic mapping {unknown}
 j - 7 scrolls of identify
 k - a scroll of amnesia {unknown}
 m - 2 scrolls of teleportation {unknown}
 q - a scroll of remove curse {unknown}
 t - a scroll of enchant weapon {unknown}
Potions
 g - 2 potions of ambrosia {unknown}
 i - 2 potions of brilliance
 p - a potion of lignification {unknown}
 r - a potion of flight {unknown}
Comestibles
 f - 3 rations


   Skills:
 + Level 3.9 Fighting
 - Level 7.0 Crossbows
 - Level 1.3 Dodging
 - Level 0.4 Stealth


You had 4 spell levels left.
You didn't know any spells.
Your spell library was empty.

Dungeon Overview and Level Annotations

Branches:
Dungeon (5/15)
 Temple: D:4-7

Altars:
Elyvilon
Okawaru
Wu Jian

Annotations:
D:3 1 exclusion
D:5 2 transporters


Innate Abilities, Weirdness & Mutations

You have hooves in place of feet.
Armour fits poorly on your strangely shaped body.
You cover ground very quickly.
You have extremely tough skin. (AC +3)


Message History

You climb upwards.
There is a stone staircase leading down here.
You start resting.
HP restored.
Unknown command.
Inscribe which item? (? for menu, Esc to quit)
Okay, then.
Search for what [? for help]? armour Save game and exit? [Y]es or [N]o only, please.
Save game and exit?
Welcome back, Electrofox the Centaur Hunter.
Press ? for a list of commands and other information.
Are you sure you want to abandon this character and quit the game? (Confirm with "yes".)

###### .....# ###
.....########.## ...........)..<#
###### #..##########..######....#
##.# ##.............##### .#.#
##..##.######....)..#### ...#
#..###.## ##...###....# #.)#####
#.####.@####....# ####..
#......###...............# ##.
##......##..####..###....#######.
#.......#.## ##.##.....#.......
##.........# #.##.#...#.......
##.........######.#..#####.......
.#......#........................
.#...........####..#######.......
..........##..#....### #.......


There were no monsters in sight!

Vanquished Creatures
  An ice beast (D:2)
  A hound zombie (D:2)
  Robin (D:3)
  4 gnolls (D:2)
  2 adders
  4 worms (D:2)
  2 leopard geckos
  2 bats
  8 giant cockroaches
  14 goblins
  11 hobgoblins
  2 jackals (D:2)
  A quokka (D:3)
  2 frilled lizards (D:2)
  A jackal zombie (D:5)
  13 kobolds
  A quokka skeleton (D:2)
  9 rats
79 creatures vanquished.

Vanquished Creatures (others)
  4 toadstools (D:1)
4 creatures vanquished.

Grand Total: 83 creatures vanquished

Notes
Turn   | Place    | Note
-------+----------+-------------------------------------------
     0 | D:1      | Electrofox the Centaur Hunter began the quest for the Orb.
     0 | D:1      | Reached XP level 1. HP: 17/17 MP: 1/1
   421 | D:1      | Reached XP level 2. HP: 23/24 MP: 2/2
   545 | D:1      | Reached skill level 5 in Crossbows
  1263 | D:2      | Reached XP level 3. HP: 27/29 MP: 3/3
  1532 | D:2      | Found an ornate altar of the Wu Jian Council.
  1934 | D:2      | Reached skill level 6 in Crossbows
  2054 | D:2      | Reached XP level 4. HP: 16/36 MP: 4/4
  2718 | D:3      | Found a white marble altar of Elyvilon.
  2737 | D:3      | Noticed an ice beast
  2865 | D:3      | You fall through a shaft for 2 floors!
  2865 | D:5      | Entered Level 5 of the Dungeon
  2912 | D:5      | Found a transporter.
  2920 | D:5      | Found a transporter.
  2978 | D:3      | Reached skill level 7 in Crossbows
  2978 | D:3      | Reached XP level 5. HP: 41/41 MP: 5/5
  3142 | D:3      | Found an iron altar of Okawaru.
  3315 | D:2      | Killed an ice beast
  3376 | D:3      | Noticed Robin
  3400 | D:3      | Killed Robin
  3500 | D:2      | Upgraded the game from 0.23.2-11-gf996548c65 to
                  | 0.23.2-30-g0e89c35649
  3500 | D:2      | Quit the game

Skill      XL: |  1  2  3  4  5 |
---------------+----------------+-----
Crossbows      | 5 6 7 |  7.0
Fighting       | 3 |  3.9
Dodging        | |  1.3
Stealth        | |  0.4

Action                   |  1- 3 |  4- 6 || total
-------------------------+-------+-------++-------
Melee: Short sword       |       |    31 ||    31
       Kick              |       |     8 ||     8
 Fire: Hand crossbow     |    89 |     7 ||    96
       Hunting sling     |    30 |   132 ||   162
Throw: Stone             |    25 |       ||    25
  Use: Scroll            |     1 |       ||     1
  Eat: Chunk             |     2 |       ||     2
       Ration            |       |     1 ||     1
Armor: Leather armour    |    22 |    25 ||    47
Dodge: Dodged            |    27 |    31 ||    58
